Map: Jagannatha LE

Players

ShaDoWn

  • Race: Protoss Protoss
  • League: Grandmaster
  • Spawn Location: 7:00

BlyOnFire (Bly) - Winner!

  • Race: Zerg Zerg
  • League: Master
  • Spawn Location: 1:00

VOD

https://youtu.be/aDrtnmEJDiQ

Description

Time

  • Played on: Dec. 23, 2020, 1:41 p.m.
  • Length: 5:35
Show
View Real Time Build Order
Export as new Build Order

ShaDoWn Protoss 

Build Orders:  

Get SALT Encoding   

  12  0:00  Probe  
  13  0:12  Probe  
  14  0:20  Pylon  
  14  0:24  Probe  
  15  0:38  Gateway, Probe (Chrono Boost)  
  16  0:46  Assimilator  
  16  0:48  Probe (Chrono Boost)  
  17  0:53  Probe (Chrono Boost)  
  18  1:04  Probe  
  19  1:16  Gateway, Probe  
  20  1:23  Zealot (Chrono Boost), Pylon  
  22  1:29  Probe  
  23  1:35  Cybernetics Core  
  23  1:43  Zealot  
  23  1:46  Probe  
  25  1:55  Gateway  
  25  2:00  Probe  
  28  2:15  Shield Battery  
  28  2:19  Shield Battery  
  28  2:31  Probe  
  26  2:42  Shield Battery, Stalker  
  28  2:57  Probe  
  25  3:09  Probe  
  26  3:21  Stalker (Chrono Boost), Probe  
  29  3:33  Probe  
  30  3:45  Probe  
  30  3:46  Stalker  
  29  3:57  Probe  
  28  4:09  Probe  
  29  4:16  Stalker  
  30  4:21  Probe  
  31  4:42  Pylon  
  31  4:50  Assimilator  
  31  5:00  Probe  
  32  5:12  Probe  
  29  5:25  Gateway  
  29  5:26  Gateway  
Show
View Real Time Build Order
Export as new Build Order

BlyOnFire Zerg - Winner!

Build Orders: Pool First 

Get SALT Encoding   

  12  0:17  Spawning Pool  
  11  0:21  Drone  
  11  0:26  Drone  
  13  0:31  Drone  
  14  0:39  Overlord  
  14  1:03  Zergling x4  
  16  1:05  Zergling x2  
  17  1:16  Zergling x2  
  18  1:20  Hatchery  
  17  1:26  Zergling x2  
  18  1:37  Zergling x2  
  19  1:53  Hatchery  
  18  1:57  Drone  
  19  2:03  Drone  
  20  2:13  Queen  
  22  2:18  Extractor  
  21  2:32  Queen  
  21  2:33  Zergling x2  
  24  2:40  Drone x2  
  26  2:47  Drone  
  26  2:50  Zergling x2  
  27  3:05  Zergling x4  
  27  3:09  Drone x3  
  31  3:21  Zergling x2  
  30  3:28  Drone x2  
  31  3:38  Zergling x2  
  31  3:39  Zergling x2  
  31  3:48  Queen  
  31  3:49  Metabolic Boost  
  30  3:58  Zergling x2  
  29  4:06  Zergling x2  
  29  4:12  Drone x4  
  29  4:15  Overlord  
  32  4:18  Zergling x2  
  32  4:21  Queen  
  34  4:28  Overlord  
  33  4:33  Zergling x4  
  34  4:42  Zergling x6  
  38  4:47  Zergling x2  
  38  4:52  Zergling x2  
  40  4:54  Zergling x6  
  40  4:55  Zergling x2  
  44  5:03  Zergling x6  
  44  5:04  Zergling x2  
  43  5:14  Zergling x2  
  43  5:18  Zergling x8  
Tags
 
Add a new tag
Caveats
  • Supply blocks, unpowered buildings, or Contaminate may cause inaccurate times.
  • Supply counts are checked every 10 seconds.